 Dungeon Crawl Stone Soup version 0.25.1-2-g60ff931df9 (webtiles) character file.

Game seed: 7713164968761490053

106 Peloso the Skirmisher (level 4, -1/35 HPs)
             Began as a Demonspawn Fighter on Aug 31, 2020.
             Killed from afar by an orc wizard (9 damage)
             ... with a magic dart
             ... on level 4 of the Dungeon.
             The game lasted 00:02:26 (1548 turns).

Peloso the Skirmisher (Demonspawn Fighter)          Turns: 1548, Time: 00:02:27

Health: -1/35      AC: 11    Str: 17 (18) XL:     4   Next: 55%
Magic:  4/4        EV:  4    Int:  9      God:
Gold:   43         SH:  9    Dex: 11 (12) Spells: 3/3 levels left

rFire    . . .     SeeInvis .   a - +0 long sword
rCold    . . .     Gourm    .   c - +0 kite shield
rNeg     . . .     Faith    .   k - +0 chain mail (curse)
rPois    .         Spirit   .   (no helmet)
rElec    .         Reflect  .   (no cloak)
rCorr    .         Harm     .   (no gloves)
MR       .....                  (no boots)
Stlth    ..........             (no amulet)
HPRegen  0.11/turn              (no ring)
MPRegen  0.09/turn              (no ring)

@: lethally poisoned (-1 -> -13)
A: iridescent scales 1, spiny 1
a: no special abilities


You were on level 4 of the Dungeon.
You were not hungry.

You visited 1 branch of the dungeon, and saw 3 of its levels.

You collected 43 gold pieces.

Inventory:

Hand Weapons
 a - a +0 long sword (weapon)
Missiles
 m - 23 bolts
Armour
 b - a +0 scale mail
 c - a +0 kite shield (worn)
 k - a cursed +0 chain mail (worn)
Jewellery
 l - a +6 ring of intelligence {unknown}
Scrolls
 e - a scroll of enchant weapon {unknown}
 h - 2 scrolls of identify {unknown}
 i - 3 scrolls of teleportation {unknown}
 j - a scroll of magic mapping {unknown}
 n - a scroll of remove curse {unknown}
Potions
 d - a potion of might
 g - a potion of flight {unknown}
Comestibles
 f - 5 rations


   Skills:
 + Level 3.5 Fighting
 + Level 2.8 Long Blades
 + Level 3.2 Armour
 + Level 0.7 Dodging
 + Level 0.4 Stealth
 + Level 3.2 Shields


You had 3 spell levels left.
You didn't know any spells.
Your spell library was empty.

Dungeon Overview and Level Annotations

Branches:
Dungeon (2/15)

Altars:


Innate Abilities, Weirdness & Mutations

You are partially covered in iridescent scales. (AC +2)
You are partially covered in sharp spines.


Message History

You feel sick.
The worker ant bites you but does no damage.
The orc wizard hits you but does no damage.
You block the worker ant's attack.
Unknown command.
You closely miss the worker ant.
The worker ant is severely wounded.
The orc wizard casts a spell.
The orc wizard blinks!
The worker ant bites you.
You are lethally poisoned!
The worker ant poisons you!
Unknown command.
You hit the worker ant but do no damage.
The worker ant is severely wounded.
* * * LOW HITPOINT WARNING * * *
You feel sick. The worker ant bites you.
* * * LOW HITPOINT WARNING * * *
The orc wizard casts a spell at you. The magic dart hits you!
You die...

.......
.....######............. .8..>.
........................ ....
........................ ##...
#..# ########..##....... # ...#
##..# ###.............
.#.##.###o..# ##....####....###
......†....######...#..#....###
..#.....$..ao..##§≈≈≈≈o≈≈≈≈##
##....#>..§..#@.≈##≈.≈##≈#
#....##.#..oa..≈###+###≈#
#...?.###.....##.≈≈# ....#.>.
#.....#..≈≈# ..$.....
#...#...#≈≈#
..!..........##..#≈##
..........##.# ..!≈# ...
..##...≈≈ .. .. #


You could see a worker ant, an orc wizard and an orc.

Vanquished Creatures
  2 hounds (D:4)
  An adder (D:2)
  An ooze (D:1)
  A dart slug (D:1)
  2 leopard geckos
  An orc (D:4)
  3 ball pythons
  3 bats
  A giant cockroach (D:1)
  2 goblins
  2 hobgoblins (D:1)
  5 kobolds
  A frilled lizard (D:4)
  4 rats (D:1)
29 creatures vanquished.

Vanquished Creatures (others)
  A goblin (D:2)
1 creature vanquished.

Grand Total: 30 creatures vanquished

Notes
Turn   | Place    | Note
-------+----------+-------------------------------------------
     0 | D:1      | Peloso the Demonspawn Fighter began the quest for the Orb.
     0 | D:1      | Reached XP level 1. HP: 18/18 MP: 1/1
   261 | D:1      | Gained mutation: You are partially covered in sharp spines.
                  | [demonic ancestry]
   261 | D:1      | Reached XP level 2. HP: 24/24 MP: 2/2
   878 | D:2      | Reached XP level 3. HP: 28/29 MP: 3/3
  1448 | D:2      | You fall into a shaft and drop 2 floors!
  1514 | D:4      | Gained mutation: You are partially covered in iridescent
                  | scales. (AC +2) [demonic ancestry]
  1514 | D:4      | Reached XP level 4. HP: 34/35 MP: 4/4
  1548 | D:4      | Killed from afar by an orc wizard

Illustrated notes

Levels and vault maps discovered:
D:1:      scummos_arrival_checkerplants, layout_loops_cross
D:2:      layout_basic, yredelemnul_forgotten_temple_becter,
          grunt_qazlal_clouds, kennysheep_big_empty_room
D:4:      layout_rooms, eat_drink_and_be_merry_uskayaw, lightli_minifort

Skill      XL: |  1  2  3 |
---------------+----------+-----
Long Blades    | 2 |  2.8
Armour         | 3 |  3.2
Shields        | 3 |  3.2
Fighting       | |  3.5
Dodging        | |  0.7
Stealth        | |  0.4

Action                   |  1- 3 |  4- 6 || total
-------------------------+-------+-------++-------
Melee: Long sword        |    79 |    20 ||    99
  Use: Potion            |     2 |       ||     2
  Eat: Chunk             |     2 |       ||     2
Armor: Scale mail        |    33 |       ||    33
       Chain mail        |    22 |    15 ||    37
Dodge: Dodged            |    24 |     2 ||    26
Block: Kite shield       |    50 |    18 ||    68
       Rpst.: Long sword |     8 |     1 ||     9
